 Dungeon Crawl Stone Soup version 0.30-a0-313-gae38170b09 (webtiles) character file.

Game seed: 18160403720896681172

200813 elQueFaltaba the Geomancer (level 18, -13/112 HPs)
             Began as a Gargoyle Wanderer on Oct 20, 2022.
             Was the Champion of Okawaru.
             Mangled by a rockslime (18 damage)
             ... on level 2 of the Pits of Slime on Oct 26, 2022.
             The game lasted 05:08:40 (36643 turns).

elQueFaltaba the Geomancer (Gargoyle Wanderer)     Turns: 36643, Time: 05:08:40

Health: -13/112    AC: 38    Str: 26 (27) XL:     18   Next: 52%
Magic:  31/31      EV: 10    Int: 11 (14) God:    Okawaru [******]
Gold:   1684       SH:  0    Dex: 12 (14) Spells: 28/35 levels left

rFire   + . .      SeeInvis +    b - +8 demon blade "Leech" {vamp, Harm Drain rN+}
rCold   + + .      Faith    .    L - +4 buckler of Trial and Error {Will- rCorr Dex+4}
rNeg    + + +      Spirit   .    C - +6 scale mail of Battyn {Str+3}
rPois   ∞          Reflect  +    H - +0 helmet "Loraiff" {rC+ rN+}
rElec   +          Harm     +    h - scarf {rC+ rF+}
rCorr   +          Rampage  +    J - +1 pair of gloves "Vuhutu" {Will+ Str+2}
Will    +....                    w - +2 pair of boots {rampage}
Stlth   ..........               S - amulet of reflection
HPRegen 0.38/turn                O - ring "Vupsacee" {Fly rElec rN+}
MPRegen 0.22/turn                N - ring of wizardry

@: confused, flying
A: sickness immunity, AC +13, big wings, negative energy resistance 1,
electricity resistance, torment resistance 1, petrification resistance,
iridescent scales 1, see invisible, wild magic 1
}: 1/15 runes: gossamer
a: Renounce Religion, Heroism, Finesse, Duel


You were on level 2 of the Pits of Slime.
You worshipped Okawaru.
Okawaru was exalted by your worship.
You visited 6 branches of the dungeon, and saw 29 of its levels.
You also visited: Sewer and Ice Cave.

You collected 3338 gold pieces.
You spent 1654 gold pieces at shops.

Inventory:

Hand Weapons
 a - the +8 war axe "Luuqeodd" {pain, rElec Str+2 Dex+6}
   (You found it on level 9 of the Dungeon)

   In the hands of one skilled in necromantic magic, it inflicts extra damage on
   living creatures.
   Str:       It affects your strength (+2).
   Dex:       It affects your dexterity (+6).
   rElec:     It insulates you from electricity.
 b - the +8 demon blade "Leech" (weapon) {vamp, Harm Drain rN+}
   (Okawaru gifted it to you on level 5 of the Lair of Beasts)

   It heals its wielder for a portion of the damage dealt every time it strikes
   a living foe.
   rN:        It protects you from negative energy.
   Drain:     It drains your maximum health when unequipped.
   Harm:      It increases damage dealt and taken.
 i - a +4 demon blade of draining
 k - a +7 long sword
 t - the +8 great mace of Cheibriados {antimagic, rElec rPois rC+ Int-2}
   (You found it on level 3 of the Spider Nest)

   It reduces the magical energy of the wielder, and disrupts the spells and
   magical abilities of those it strikes.
   Natural abilities and divine invocations are not affected.
   Int:       It affects your intelligence (-2).
   rC:        It protects you from cold.
   rElec:     It insulates you from electricity.
   rPois:     It protects you from poison.
 Q - a +4 vampiric morningstar
Missiles
 n - 3 javelins
 G - 5 poisoned darts (quivered)
Armour
 h - a scarf of resistance (worn)
 w - a +2 pair of boots of rampaging (worn)
 C - the +6 scale mail of Battyn (worn) {Str+3}
   (Okawaru gifted it to you on level 5 of the Lair of Beasts)

   Str:       It affects your strength (+3).
 H - the +0 helmet "Loraiff" (worn) {rC+ rN+}
   (You found it on level 14 of the Dungeon)

   rC:        It protects you from cold.
   rN:        It protects you from negative energy.
 J - the +1 pair of gloves "Vuhutu" (worn) {Will+ Str+2}
   (You acquired it on level 1 of the Spider Nest)

   Str:       It affects your strength (+2).
   Will:      It increases your willpower.
 L - the +4 buckler of Trial and Error (worn) {Will- rCorr Dex+4}
   (Okawaru gifted it to you on level 13 of the Dungeon)

   Dex:       It affects your dexterity (+4).
   rCorr:     It protects you from acid and corrosion.
   Will:      It decreases your willpower.
 P - the +2 cloak "Pada" {Dex+3}
   (You bought it in a shop on level 2 of the Orcish Mines)

   Dex:       It affects your dexterity (+3).
Jewellery
 e - a ring of protection from cold
 f - a ring of positive energy
 s - a ring of magical power
 D - an amulet of regeneration
 E - a +6 ring of dexterity
 N - a ring of wizardry (right hand)
 O - the ring "Vupsacee" (left hand) {Fly rElec rN+}
   (You acquired it on level 2 of the Lair of Beasts)

   [ring of positive energy]

   rElec:     It insulates you from electricity.
   rN:        It protects you from negative energy.
   Fly:       It grants you flight.
 S - an amulet of reflection (around neck)
 T - an amulet of faith
 V - a ring of protection from fire
Wands
 q - a wand of flame (6)
 A - a wand of light (21)
 B - a wand of digging (17)
 I - a wand of polymorph (11)
 X - a wand of mindburst (13)
 Y - a wand of iceblast (3)
Scrolls
 c - a scroll of blinking
 d - 2 scrolls of magic mapping
 g - a scroll of silence
 x - 4 scrolls of fog
 y - 13 scrolls of teleportation
 K - 4 scrolls of amnesia
 M - a scroll of poison
 W - a scroll of fear
Potions
 j - 6 potions of brilliance
 l - 2 potions of berserk rage
 m - 6 potions of curing
 o - 11 potions of ambrosia
 p - 3 potions of might
 r - 4 potions of heal wounds
 u - 6 potions of haste
 v - 3 potions of invisibility
 z - 3 potions of magic
 R - 2 potions of lignification
 Z - 3 potions of resistance


   Skills:
 + Level 12.1 Fighting
 + Level 7.9(10.2) Short Blades
 * Level 10.2(11.3) Long Blades
 + Level 12.0(13.6) Axes
 + Level 10.2(13.0) Maces & Flails
 - Level 4.8(9.1) Polearms
 + Level 11.5 Armour
 - Level 1.5 Dodging
 + Level 1.3 Shields
 - Level 1.0 Unarmed Combat
 + Level 9.2 Spellcasting
 + Level 7.7 Transmutations
 + Level 12.2 Earth Magic
 + Level 8.8 Invocations
 + Level 8.6 Evocations


You had 28 spell levels left.
You knew the following spells:

 Your Spells              Type           Power      Damage    Failure   Level
a - Sandblast             Erth           82%        2d17      1%          1
b - Passwall              Tmut/Erth      29%        N/A       1%          2
c - Stone Arrow           Conj/Erth      48%        3d10      5%          3
d - Freeze                Ice            24%        1d4       21%         1

Your spell library contained the following spells:

 Spells                   Type           Power      Damage    Failure   Level
 Leda's Liquefaction      Hex/Erth       12%        N/A       16%         4
 Foxfire                  Conj/Fire      24%        2x1d5     21%         1
 Kiss of Death            Conj/Necr      24%        2d7       21%         1
 Magic Dart               Conj           24%        1d4       21%         1
 Poisonous Vapours        Pois/Air       12%        N/A       28%         2
 Searing Ray              Conj           12%        2d4       28%         2
 Dazzling Flash           Conj/Hex       12%        N/A       45%         3
 Frozen Ramparts          Ice            12%        1d2       45%         3
 Gell's Gravitas          Tloc           6%         N/A       45%         3
 Hailstorm                Conj/Ice       6%         3d4       45%         3
 Mephitic Cloud           Conj/Pois/Air  6%         N/A       45%         3
 Portal Projectile        Hex/Tloc       12%        N/A       45%         3
 Teleport Other           Tloc           6%         N/A       45%         3
 Fulminant Prism          Conj/Hex       3%         3d6       83%         4
 Iskenderun's Mystic Bla  Conj/Tloc      6%         2d4       83%         4
 Fireball                 Conj/Fire      3%         3d4       98%         5
 Freezing Cloud           Conj/Ice/Air   3%         6-21      98%         5
 Iskenderun's Battlesphe  Conj           6%         2d6       98%         5
 Conjure Ball Lightning   Conj/Air       3%         3x3d6     100%        6
 Dispersal                Tloc           3%         N/A       100%        6
 Starburst                Conj/Fire      3%         6d3       100%        6
 Orb of Destruction       Conj           3%         9d5       100%        7
 Animate Armour           Summ/Erth      Unusable   N/A       N/A         4
 Summon Small Mammal      Summ           Unusable   N/A       N/A         1
 Cigotuvi's Dreadful Rot  Necr/Pois/Air  Unusable   N/A       N/A         2
 Call Canine Familiar     Summ           Unusable   N/A       N/A         3

Dungeon Overview and Level Annotations

Branches:
Dungeon (15/15)            Temple (1/1) D:4            Lair (5/5) D:8
 Shoals (0/4) Lair:2       Spider (4/4) Lair:3        Slime (2/5) Lair:5
    Orc (2/2) D:10            Elf (0/3) Orc:2        Vaults (0/5) D:13
 Depths (0/4) D:15          Sewer (visited)           IceCv (visited)

Altars:
Ashenzari
Cheibriados
Dithmenos
Elyvilon
Fedhas
Gozag
Hepliaklqana
Kikubaaqudgha
Makhleb
Nemelex Xobeh
Okawaru
Qazlal
Ru
Sif Muna
Trog
Uskayaw
Vehumet
Wu Jian
Xom
Yredelemnul
Zin
The Shining One
Jiyva

Shops:
D:8 =   Orc:1 (   Orc:2 [**([!=[

Annotations:
D:7 2 transporters, Belterius's ghost, novice MiFi


Innate Abilities, Weirdness & Mutations

You are immune to sickness and miasma.
Your stone body is resilient. (AC +13)
You are immune to poison.
Your large and strong wings let you fly.
You resist negative energy. (rN+)
You are resistant to electric shocks. (rElec)
You are resistant to unholy torment.
You are immune to petrification.
You are partially covered in iridescent scales. (AC +2)
You have supernaturally acute eyesight. (SInv)
Your spells are a little harder to cast, but a little more powerful.


Message History

The slime creature is almost dead.
You block the slime creature's attack.
You slash the slime creature!
You kill the slime creature!
Okawaru accepts your kill.
You fly downwards.
You block the rockslime's attack.
There is a stone staircase leading up here.
You hit the rockslime but do no damage.
The rockslime hits you but does no damage.
You slash the rockslime!
The rockslime is lightly wounded.
The rockslime jiggles.
You block the rockslime's attack.
You barely miss the rockslime.
The rockslime is lightly wounded.
The rockslime barely misses you.
You hit the rockslime but do no damage.
The rockslime is lightly wounded.
You hit the rockslime but do no damage.
The rockslime is lightly wounded.
The rockslime hits you!!
You are shoved backwards!
You hit the rockslime.
You feel better.
The rockslime is lightly wounded.
The rockslime hits you!!
You are shoved backwards!
Found a stone staircase leading down.
The teleport trap disappears.
The slime creature disappears!
You hit the rockslime but do no damage.
The rockslime is lightly wounded.
You are splashed with acid!
The golden eye blinks at you.
You are confused.
The rockslime hits you!!
* * * LOW HITPOINT WARNING * * *
You hold your ground!
You are splashed with acid!
* * * LOW HITPOINT WARNING * * *
The golden eye blinks at you.
You are more confused.
The rockslime hits you!
You die...

# #......## J##.
####......#
.....#.#.......##
#..............###
#........#......##
#..................#
.......##.#..<....##
......#.....J.....##
....##....#.@......#
........###.###....#
.....#.. .... #...#
#. . #........ #.##
.........# .#
.......... .
...........
......>.....


You could see a rockslime.

Vanquished Creatures
  Mlioglotl (Spider:4)
  Asterion (Spider:2)
  4 acid blobs
  The ghost of Oziff the Carver, an adept FoHu of Okawaru (Spider:1)
  A rockslime (Slime:1)
  5 emperor scorpions
  Louise (Spider:3)
  4 ghost moths
  A stone giant (D:15)
  2 quicksilver oozes
  A broodmother (Spider:4)
  2 spark wasps
  The ghost of p0werm0de the Protected, a journeyman AtFi of Okawaru (Orc:1)
  The ghost of Ruonwum the Carver, a journeyman MfGl of the Shining One (Lair:3)
  A yaktaur captain (D:15)
  2 entropy weavers
  7 hydras
  3 ogre magi
  5 centaur warriors
  A radroach (Spider:2)
  16 two-headed ogres
  13 boulder beetles
  2 catoblepae
  2 dancing weapons (D:13)
  A death scarab (Spider:2)
  2 orc high priests
  7 tengu warriors
  A skeletal warrior (D:12)
  3 sun moths
  10 orb spiders
  6 pharaoh ants
  2 deep trolls (Orc:2)
  10 steelbarb worms
  2 bog bodies (IceCv)
  4 orc knights
  A harpy (shapeshifter) (D:13)
  5 deep elf pyromancers
  22 ugly things
  An oklob plant (Lair:2)
  An orc sorcerer (Orc:1)
  7 cyclopes
  A shining eye (Slime:1)
  23 wolf spiders
  A merfolk siren (Lair:2)
  2 manticores (D:13)
  A guardian serpent (shapeshifter) (D:13)
  3 moths of wrath
  6 elephants (Lair:3)
  8 black mambas
  A guardian serpent (Lair:5)
  Maurice (D:8)
  An ice statue (IceCv)
  An eye of devastation (Slime:1)
  Joseph (D:7)
  3 gargoyles
  7 torpor snails
  12 cane toads
  An unseen horror (D:12)
  A rime drake (Lair:5)
  A freezing wraith (D:14)
  5 kobold demonologists (D:12)
  6 komodo dragons
  8 demonic crawlers
  2 efreet
  An anaconda simulacrum (IceCv)
  2 tengu conjurers (D:12)
  2 ice devils (Orc:1)
  20 trolls
  10 hornets
  9 polar bears (Lair:5)
  21 blink frogs
  A dream sheep (Lair:5)
  12 tarantellas
  3 raiju
  37 slime creatures
  22 jumping spiders
  A shadow (D:10)
  A centaur simulacrum (D:12)
  17 culicivoras
  2 dire elephant simulacra (IceCv)
  10 wyverns
  A vampire (D:9)
  38 yaks
  4 basilisks
  2 wraiths
  A death yak simulacrum (IceCv)
  46 redbacks
  2 steam dragons
  3 vampire mosquitoes (D:12)
  A harpy simulacrum (IceCv)
  An acid dragon (D:13)
  A hydra simulacrum (IceCv)
  20 wargs
  16 hell hounds
  21 water moccasins
  Pargi (Sewer)
  A swamp drake (D:10)
  23 orc warriors
  A black bear (shapeshifter) (D:13)
  A sky beast (D:7)
  12 black bears
  26 ogres
  20 wolves
  11 centaurs
  2 phantoms
  A kobold brigand (D:7)
  5 gnoll sergeants (D:12)
  8 bullfrogs
  A necrophage (D:4)
  5 scorpions
  2 cane toad simulacra (IceCv)
  8 two-headed ogre simulacra (IceCv)
  12 wights
  3 elephant simulacra (IceCv)
  A killer bee (D:9)
  4 electric eels (D:8)
  4 howler monkeys
  5 jellies
  2 gnoll boudas
  13 orc priests
  5 hounds
  An iguana (D:3)
  17 orc wizards
  5 hell rats (Lair:1)
  3 spriggan simulacra (IceCv)
  4 polar bear simulacra (IceCv)
  6 troll simulacra (IceCv)
  2 wolf simulacra (IceCv)
  7 gnolls
  10 adders
  3 naga simulacra (IceCv)
  6 white imps
  9 ufetubi
  A worm (D:4)
  5 dart slugs
  60 orcs
  10 ball pythons
  7 bats
  3 endoplasms
  5 giant cockroaches
  10 goblins
  9 hobgoblins
  4 jackals (D:2)
  A quokka (D:2)
  9 frilled lizards
  14 kobolds
  4 rats
979 creatures vanquished.

Vanquished Creatures (others)
  An orc wizard (D:7)
  An orc (D:15)
  A bush (Lair:3)
  32 fungi
  89 plants
  2 withered plants (Orc:1)
126 creatures vanquished.

Grand Total: 1105 creatures vanquished

Notes
Turn   | Place    | Note
-------+----------+-------------------------------------------
     0 | D:1      | elQueFaltaba the Gargoyle Wanderer began the quest for the
                  | Orb.
     0 | D:1      | elQueFaltaba set off with the following items: a +0 club, a
                  | potion of attraction, a scroll of blinking, a +0 leather
                  | armour, a potion of mutation; and the following spell
                  | memorised: Sandblast; and the following spells available to
                  | memorise: Passwall, Animate Armour.
     0 | D:1      | Reached XP level 1. HP: 14/14 MP: 2/2
     0 | D:1      | Gained mutation: Your spells are a little harder to cast,
                  | but a little more powerful. [potion of mutation]
     0 | D:1      | Gained mutation: You have supernaturally acute eyesight.
                  | (SInv) [potion of mutation]
     0 | D:1      | Gained mutation: You are partially covered in iridescent
                  | scales. (AC +2) [potion of mutation]
    97 | D:1      | Reached XP level 2. HP: 19/19 MP: 3/3
   111 | D:1      | Reached skill level 1 in Maces & Flails
   405 | D:1      | Reached XP level 3. HP: 19/23 MP: 5/5
   781 | D:2      | Reached skill level 1 in Polearms
   811 | D:2      | Found a faded altar of an unknown god.
  1530 | D:2      | Reached XP level 4. HP: 27/28 MP: 6/6
  2608 | D:3      | Reached skill level 1 in Axes
  2671 | D:3      | Found a snail-covered altar of Cheibriados.
  2671 | D:3      | Found a glowing golden altar of the Shining One.
  2949 | D:3      | Found a glowing drain.
  2953 | D:3      | Reached XP level 5. HP: 32/32 MP: 7/7
  2958 | Sewer    | Entered a sewer
  2989 | Sewer    | Noticed Pargi
  3018 | Sewer    | Killed Pargi
  3019 | Sewer    | Reached XP level 6. HP: 17/37 MP: 7/9
  3454 | D:3      | Found a stormy altar of Qazlal.
  4260 | D:4      | Found an ancient bone altar of Kikubaaqudgha.
  4266 | D:4      | Found a shimmering blue altar of Sif Muna.
  4268 | D:4      | Found a radiant altar of Vehumet.
  4274 | D:4      | Got Vehumet's Parchment of Blasts
  4278 | D:4      | Learned a level 2 spell: Passwall
  4328 | D:4      | Reached skill level 1 in Armour
  4328 | D:4      | Reached XP level 7. HP: 36/41 MP: 9/11
  4461 | D:4      | Found a staircase to the Ecumenical Temple.
  4470 | Temple   | Entered the Ecumenical Temple
  4736 | D:5      | Entered Level 5 of the Dungeon
  4766 | D:5      | Reached skill level 5 in Earth Magic
  4845 | D:5      | Found an ornate altar of the Wu Jian Council.
  5143 | D:5      | Reached skill level 1 in Long Blades
  5626 | D:6      | Reached XP level 8. HP: 48/48 MP: 12/12
  6396 | D:7      | Found a transporter.
  6396 | D:7      | Noticed a troll
  6401 | D:7      | Noticed Belterius's ghost (novice MiFi)
  6405 | D:7      | Found a transporter.
  6927 | D:7      | Reached skill level 5 in Fighting
  7070 | D:7      | Reached XP level 9. HP: 45/54 MP: 14/14
  7201 | D:7      | Noticed Joseph
  7227 | D:7      | Killed Joseph
  7228 | D:7      | Reached skill level 1 in Short Blades
  7228 | D:7      | Reached skill level 1 in Transmutations
  7228 | D:7      | Reached skill level 1 in Evocations
  7598 | D:8      | Noticed a troll
  7614 | D:8      | Killed a troll
  7803 | D:8      | Reached skill level 5 in Maces & Flails
  7926 | D:8      | Reached skill level 5 in Armour
  7931 | D:8      | Reached XP level 10. HP: 49/60 MP: 14/16
  8084 | D:8      | Found Nerhil's Jewellery Shop.
  8092 | D:8      | Bought an amulet of regeneration for 360 gold pieces
  8160 | D:8      | Found a glowing silver altar of Zin.
  8162 | D:8      | Found a hide-covered altar of Uskayaw.
  8162 | D:8      | Found a sacrificial altar of Ru.
  8217 | D:8      | Found a hazy altar of Hepliaklqana.
  8254 | D:8      | Noticed Maurice
  8260 | D:8      | Killed Maurice
  8449 | D:8      | Found a staircase to the Lair.
  8924 | D:9      | Upgraded the game from 0.30-a0-304-gdc4b735fe1 to
                  | 0.30-a0-305-g026cb31310
  8929 | D:9      | Identified the +8 war axe "Luuqeodd" {pain, rElec Str+2
                  | Dex+6}
  9252 | D:9      | Found a large runed translucent door.
  9252 | D:9      | Found a large runed translucent door.
  9304 | D:9      | Found a basalt altar of Yredelemnul.
  9314 | D:9      | Found an opulent altar of Gozag.
  9599 | D:10     | Entered Level 10 of the Dungeon
  9765 | D:10     | Reached XP level 11. HP: 64/67 MP: 17/17
  9777 | D:10     | Found a sparkling altar of Nemelex Xobeh.
  9777 | D:10     | Found an iron altar of Okawaru.
  9783 | D:10     | Became a worshipper of Warmaster Okawaru
  9941 | D:10     | Found a shadowy altar of Dithmenos.
 10021 | D:10     | Found a staircase to the Orcish Mines.
 10329 | Lair:1   | Entered Level 1 of the Lair of Beasts
 10372 | Lair:1   | You fall into a shaft and drop 1 floor!
 10436 | Lair:2   | Reached * piety under Okawaru
 10452 | Lair:2   | Reached skill level 5 in Axes
 10488 | Lair:2   | Reached ** piety under Okawaru
 10597 | Lair:2   | Reached *** piety under Okawaru
 10601 | Lair:2   | Reached skill level 5 in Spellcasting
 10696 | Lair:1   | Identified the +0 ring mail "Wimun" {rPois rC+ Will+ Int-3}
 10720 | Lair:1   | Reached XP level 12. HP: 48/75 MP: 19/19
 11377 | Lair:2   | Found a staircase to the Shoals.
 11800 | Lair:2   | Identified a scroll of acquirement
 11801 | Lair:2   | Acquired the ring "Vupsacee" {Fly rElec rN+}
 11805 | Lair:2   | Reached XP level 13. HP: 79/79 MP: 19/21
 12498 | Lair:3   | Noticed Ruonwum's ghost (journeyman MfGl)
 12523 | Lair:3   | Reached **** piety under Okawaru
 12765 | Lair:3   | Reached skill level 5 in Evocations
 12838 | Lair:3   | Found a runed translucent door.
 12923 | Lair:3   | Found a hole to the Spider Nest.
 13661 | Lair:3   | Reached ***** piety under Okawaru
 14214 | Lair:3   | Killed Ruonwum's ghost
 14437 | Lair:4   | Received a gift from Okawaru
 14618 | Lair:4   | Reached skill level 5 in Long Blades
 15300 | Lair:5   | Entered Level 5 of the Lair of Beasts
 15551 | Lair:5   | Reached skill level 5 in Transmutations
 15867 | Lair:5   | Gained mutation: Your large and strong wings let you fly.
                  | [Gargoyle growth]
 15867 | Lair:5   | Reached XP level 14. HP: 75/86 MP: 23/23
 16026 | Lair:5   | Received a gift from Okawaru
 16026 | Lair:5   | Found the +8 demon blade "Leech" {vamp, Harm Drain rN+}
 16470 | Lair:5   | Reached skill level 5 in Short Blades
 16574 | Lair:5   | Reached skill level 5 in Invocations
 17059 | Lair:5   | Found a viscous altar of Jiyva.
 17060 | Lair:5   | Found a staircase to the Slime Pits.
 17626 | Lair:5   | Identified the +6 scale mail of Battyn {Str+3} (Okawaru
                  | gifted it to you on level 5 of the Lair of Beasts)
 17626 | Lair:5   | Received a gift from Okawaru
 17712 | Lair:5   | Reached skill level 10 in Earth Magic
 17843 | Lair:5   | Reached skill level 10 in Fighting
 18201 | Orc:1    | Entered Level 1 of the Orcish Mines
 18206 | Orc:1    | Found Dekiep's Weapon Emporium.
 18333 | Orc:1    | Found a runed translucent door.
 18338 | Orc:1    | Noticed p0werm0de's ghost (journeyman AtFi)
 18630 | Orc:1    | Found a frozen archway.
 18661 | IceCv    | Entered an ice cave
 19475 | IceCv    | Got Sif Muna's Folio of Glaciation and Vapour
 19479 | IceCv    | Identified the +4 great sword of Pyromania {venom, rCorr}
 19527 | IceCv    | Reached XP level 15. HP: 55/92 MP: 25/25
 19532 | IceCv    | Identified the +8 quarterstaff "Bacs" {venom, Int+2 Dex+3
                  | SInv}
 20359 | Orc:1    | Found a burning altar of Makhleb.
 20442 | Orc:1    | Killed p0werm0de's ghost
 20521 | Orc:1    | Learned a level 3 spell: Stone Arrow
 20526 | Orc:2    | Entered Level 2 of the Orcish Mines
 20541 | Orc:2    | Found Norritaz's Armour Boutique.
 20543 | Orc:2    | Found Gixattac's General Store.
 20640 | Orc:2    | Found a staircase to the Elven Halls.
 20659 | Orc:2    | Bought a scroll of silence for 133 gold pieces
 20660 | Orc:2    | Found Duhamn's General Store.
 20672 | Orc:2    | Bought a potion of curing for 51 gold pieces
 20672 | Orc:2    | Bought a scroll of enchant weapon for 127 gold pieces
 20674 | Orc:2    | Found Nunt's Antique Armour Shoppe.
 20817 | Orc:2    | Bought a pair of glowing boots for 225 gold pieces
 20817 | Orc:2    | Bought a runed chain mail for 225 gold pieces
 21294 | Orc:2    | Found Lueklatt's Antique Weapon Boutique.
 21296 | Orc:2    | Found Voit's Distillery.
 21310 | Orc:2    | Found Labentaf's Jewellery Shoppe.
 21317 | Orc:2    | Bought 2 potions of curing for 96 gold pieces
 21317 | Orc:2    | Bought a potion of curing for 48 gold pieces
 21319 | Orc:2    | Found Ifytit's Armour Shop.
 21330 | Orc:2    | Bought the +2 cloak "Pada" {Dex+3} for 389 gold pieces
 22027 | D:11     | Found a bloodstained altar of Trog.
 22145 | D:11     | Identified the +0 plate armour of Uvevuc {Str+4} (Okawaru
                  | gifted it to you on level 11 of the Dungeon)
 22145 | D:11     | Received a gift from Okawaru
 22428 | D:11     | Learned a level 1 spell: Freeze
 23486 | D:12     | Reached skill level 10 in Axes
 23656 | D:11     | Upgraded the game from 0.30-a0-305-g026cb31310 to
                  | 0.30-a0-310-g7d6cbdfea6
 24295 | D:12     | Reached XP level 16. HP: 99/99 MP: 27/27
 24473 | D:12     | Reached skill level 10 in Armour
 25479 | D:13     | Found a gate to the Vaults.
 25666 | D:13     | Identified the +4 buckler of Trial and Error {Will- rCorr
                  | Dex+4} (Okawaru gifted it to you on level 13 of the
                  | Dungeon)
 25666 | D:13     | Received a gift from Okawaru
 26021 | D:14     | Found a shimmering altar of Xom.
 26022 | D:14     | Found a shimmering altar of Xom.
 26024 | D:14     | Found a shimmering altar of Xom.
 26035 | D:14     | Found a shimmering altar of Xom.
 26037 | D:14     | Found a shimmering altar of Xom.
 26038 | D:14     | Found a shimmering altar of Xom.
 26055 | D:14     | Identified the +0 helmet "Loraiff" {rC+ rN+}
 26589 | D:15     | Entered Level 15 of the Dungeon
 26703 | D:14     | Upgraded the game from 0.30-a0-310-g7d6cbdfea6 to
                  | 0.30-a0-311-gf115ab0292
 27606 | D:15     | Found an opulent altar of Gozag.
 27820 | D:15     | Found a staircase to the Depths.
 28251 | Spider:1 | Entered Level 1 of the Spider Nest
 28480 | Spider:1 | Received a gift from Okawaru
 28511 | Spider:1 | Reached XP level 17. HP: 104/104 MP: 29/29
 28515 | Spider:1 | Found a runed translucent door.
 28517 | Spider:1 | Noticed Oziff's ghost (adept FoHu)
 28616 | Spider:1 | Killed Oziff's ghost
 29441 | Spider:1 | Got Icwulum's Parchment of the Impact and Illusion
 29711 | Spider:1 | Acquired the +1 pair of gloves "Vuhutu" {Will+ Str+2}
 31197 | Spider:2 | Noticed Asterion
 31229 | Spider:2 | Killed Asterion
 32178 | Spider:3 | Noticed Louise
 32203 | Spider:3 | Killed Louise
 32600 | Spider:3 | Identified the +8 great mace of Cheibriados {antimagic,
                  | rElec rPois rC+ Int-2}
 33411 | Spider:4 | Entered Level 4 of the Spider Nest
 33479 | Spider:4 | Noticed Mlioglotl
 33489 | Spider:4 | Killed Mlioglotl
 33685 | Spider:4 | Reached XP level 18. HP: 112/112 MP: 0/31
 33732 | Spider:4 | Reached skill level 10 in Maces & Flails
 34571 | Spider:4 | Received a gift from Okawaru
 35137 | Spider:4 | Got a gossamer rune of Zot
 35395 | Slime:1  | Entered Level 1 of the Pits of Slime
 35427 | Slime:1  | Upgraded the game from 0.30-a0-311-gf115ab0292 to
                  | 0.30-a0-313-gae38170b09
 35520 | Lair:5   | Reached skill level 10 in Long Blades
 35711 | Lair:5   | Reached ****** piety under Okawaru
 36250 | Slime:1  | Received a gift from Okawaru
 36251 | Slime:1  | Reached skill level 1 in Shields
 36643 | Slime:2  | HP: 5/112 [acid (10)]
 36643 | Slime:2  | Mangled by a rockslime

Illustrated notes

Levels and vault maps discovered:
D:1:      matt_arrival_grand_opening, layout_rooms, minivault_14,
          minmay_liquid_box
D:2:      layout_loops_corners, nicolae_ecumenical_snake_handling,
          minmay_pentomino_u4
D:3:      layout_loops_ring, nicolae_qazlal_eye_of_the_storm,
          amethyst_overflow_temple_binary, gup_sewer_entry_spiral
D:4:      layout_cave_pods, grunt_temple_overflow_magic_moments,
          minmay_temple_entry_poolview
D:5:      layout_basic, nicolae_wu_jian_wuxing_cycle, serial_glass,
          glass_columns_b, glass_columns_a, glass_columns_c, glass_columns_a,
          glass_columns_b, glass_columns_b
D:6:      layout_loops_ring
D:7:      layout_loops_ring, gammafunk_ghost_arena, minivault_11,
          serial_bayou_pond_e, minmay_diced_spiral, uniq_joseph
D:8:      layout_cave_pods, mainiacjoe_overflow_cross_hatched,
          grunt_temple_overflow_open, erik_lair_island, serial_park,
          serial_park_avenue1, serial_park_tiny_1, serial_park_tiny_1,
          serial_shops, nicolae_square_shop, uniq_maurice
D:9:      layout_basic, jmf_multi_god_temple2
D:10:     layout_big_octagon, grunt_dithmenos_shadows,
          nicolae_overflow_two_pavilions, erik_orc_1,
          nicolae_concentric_dashed_squares_wild
D:11:     layout_basic, trog_butcher_becter
D:12:     lemuel_castle_with_subvaults [lemuel_castle_interior_carwin_2],
          layout_irregular_city, grunt_decor_junction, minivault_28
D:13:     layout_basic, erik_vaults_1
D:14:     layout_cave_pools, xom_redecorated
D:15:     grunt_enter_depths_snipers, layout_cave_pools, minivault_23,
          nicolae_gozag_seed_capital
Temple:   nicolae_temple_stand_before_the_council
Lair:1:   layout_gridlike
Lair:2:   layout_long_grid, minmay_shoals_entry_lonely_mermaid,
          minmay_lair_oklob_items, serial_bayou_shore_a, grunt_megastairs_4,
          lemuel_fruit_fields, serial_bayou_shore_b, serial_bayou_shore_b
Lair:3:   layout_cave_pods, nicolae_spider_entry_tight_spaces,
          hellmonk_ghost_happy_afterlife, st_stairs_8,
          chequers_serial_rivers_room_b, grunt_forest_stairs_basic
Lair:4:   layout_roguey, serial_bayou_shore_b
Lair:5:   hangedman_lair_caniforms_friends, layout_long_grid,
          hangedman_lair_tendril_chambers, dpeg_slime_entry_corner
Spider:1: layout_chambers, gammafunk_ghost_grave
Spider:2: layout_chambers, nicolae_spider_jagged_tunnels, uniq_asterion
Spider:3: layout_chambers, nicolae_spider_some_kinda_spiderbox, uniq_louise
Spider:4: spider_rune_water, uniq_mlioglotl
Slime:1:  layout_caves
Slime:2:  layout_caves, special_room [special_room_jelly]
Orc:1:    layout_caves, serial_shops, nicolae_shop_bloodbath_and_beyond,
          gammafunk_ghost_grave, portal_ice_cave_demonic_guard, basic_altar
Orc:2:    st_orc_open, layout_diamond_mine, serial_shops, shop,
          nicolae_shop_competitors_out_of_business, shop, shop

Skill      XL: |  1  2  3  4  5  6  7  8  9 10 11 12 13 14 15 16 17 18 |
---------------+-------------------------------------------------------+-----
Maces & Flails | 1 2 3 4 5 6 7 8 9 10 | 10.2
Earth Magic    | 4 5 6 7 8 9 10 11 12 | 12.2
Polearms       | 1 2 3 4 |  4.8
Axes           | 1 2 3 4 5 7 8 9 10 11 12 | 12.0
Spellcasting   | 2 3 4 5 6 7 8 9 |  9.2
Armour         | 1 2 3 5 6 7 8 9 10 11 | 11.5
Fighting       | 4 5 6 7 8 9 10 11 12 | 12.1
Long Blades    | 1 2 3 4 5 7 8 9 10 | 10.2
Short Blades   | 1 2 3 4 5 6 7 |  7.9
Transmutations | 1 2 3 4 5 6 7 |  7.7
Evocations     | 1 2 3 4 5 6 7 8 |  8.6
Invocations    | 3 4 5 6 7 8 |  8.8
Shields        | 1 |  1.3
Dodging        | |  1.5
Unarmed Combat | |  1.0

Action                   |  1- 3 |  4- 6 |  7- 9 | 10-12 | 13-15 | 16-18 || total
-------------------------+-------+-------+-------+-------+-------+-------++-------
Melee: Club              |    28 |       |       |       |       |       ||    28
       Spear             |   110 |   198 |    86 |       |       |       ||   394
       Punch             |       |     1 |     3 |     8 |    47 |       ||    59
       Morningstar       |       |       |   226 |    76 |    62 |     6 ||   370
       Flail             |       |       |    21 |       |       |       ||    21
       War axe           |       |       |       |   353 |  1533 |       ||  1886
       Demon blade       |       |       |       |       |    15 |  2002 ||  2017
Throw: Dart              |       |    19 |    36 |    11 |    99 |    31 ||   196
       Boomerang         |       |       |       |       |    22 |       ||    22
       Javelin           |       |       |       |       |    22 |       ||    22
 Cast: Stone Arrow       |       |       |       |       |     2 |       ||     2
       Sandblast         |       |       |       |       |       |     6 ||     6
       Passwall          |       |       |       |       |       |     1 ||     1
Invok: Heroism           |       |       |       |     2 |    20 |    17 ||    39
       Finesse           |       |       |       |       |    14 |    13 ||    27
Evoke: Wand              |       |       |       |     3 |    13 |     9 ||    25
  Use: Potion            |     1 |     1 |     2 |     5 |     6 |    11 ||    26
       Scroll            |     4 |     9 |    11 |    11 |    13 |     8 ||    56
 Stab: Distracted        |       |       |       |       |     1 |       ||     1
       Invisible         |       |       |       |       |       |     3 ||     3
Armor: Leather armour    |    53 |     8 |       |       |       |       ||    61
       Ring mail         |       |   111 |    48 |       |       |       ||   159
       Plate armour      |       |       |   125 |       |       |       ||   125
       Scale mail        |       |       |    74 |   275 |   442 |  1502 ||  2293
       Chain mail        |       |       |       |    28 |   595 |       ||   623
Dodge: Dodged            |    66 |    94 |   148 |   231 |   636 |   794 ||  1969
Block: Other             |       |       |       |       |   280 |       ||   280
       Reflection        |       |       |       |       |    12 |    23 ||    35
       Kite shield       |       |       |       |       |   150 |   168 ||   318
       Buckler           |       |       |       |       |       |  1217 ||  1217

Table legend: (Time is in decaauts)
 A = Elapsed time spent in this place.
 B = Non-inter-level travel time spent in this place.
 C = Inter-level travel time spent in this place.
 D = Time resting spent in this place.
 E = Time spent auto-exploring this place.
 F = Levels seen in this place.
 G = Mean time per level.
                   A        B        C        D        E       F      G
               +--------+--------+--------+--------+--------+-----+--------+
         Total |  36299 |  33052 |   3247 |   6897 |  16404 |  31 | 1170.9 |
       Dungeon |  16722 |  14946 |   1776 |   3118 |   7567 |  15 | 1114.8 |
        Temple |     27 |     14 |     13 |      0 |     11 |   1 |   27.0 |
          Lair |   8242 |   7611 |    631 |   1755 |   3745 |   5 | 1648.4 |
   Spider Nest |   6758 |   6427 |    331 |   1063 |   3731 |   4 | 1689.5 |
    Slime Pits |    901 |    761 |    140 |    242 |    213 |   2 |  450.5 |
  Orcish Mines |   2092 |   1738 |    354 |    214 |    682 |   2 | 1046.0 |
         Sewer |    257 |    257 |      0 |     74 |     68 |   1 |  257.0 |
      Ice Cave |   1296 |   1296 |      0 |    431 |    386 |   1 | 1296.0 |
               +--------+--------+--------+--------+--------+-----+--------+

Top non-repeatable levels by time:
  Lair:5: 2653 daAuts
    D:12: 2254 daAuts
Spider:2: 1974 daAuts
     D:2: 1882 daAuts
  Lair:3: 1776 daAuts
Spider:3: 1751 daAuts
  Lair:2: 1600 daAuts
Spider:1: 1560 daAuts
     D:8: 1503 daAuts
Spider:4: 1472 daAuts
  Lair:4: 1316 daAuts
   IceCv: 1296 daAuts
    D:14: 1291 daAuts
   Orc:1: 1196 daAuts
    D:11: 1180 daAuts
